 Dungeon Crawl Stone Soup version 0.32-a0-41-gec2d92a32c (webtiles) character file.

Game seed: 985981651134521450

165 whatisthis the Grave Robber (level 5, -3/38 HPs)
             Began as a Ghoul Necromancer on Jan 25, 2024.
             Slain by Duvessa
             ... wielding a +2 short sword of venom
              (6 damage)
             ... on level 3 of the Dungeon.
             The game lasted 00:08:50 (3042 turns).

whatisthis the Grave Robber (Ghoul Necromancer)     Turns: 3042, Time: 00:08:50

Health: -3/38      AC:  3    Str: 12    XL:     5   Next: 46%
Magic:  11/19      EV: 12    Int: 16    God:
Gold:   112        SH:  5    Dex:  9    Spells: 6/10 levels left

rFire   . . .        y - +0 whip (venom)
rCold   + . .        (no shield)
rNeg    + + +        a - +0 robe
rPois   ∞            (no helmet)
rElec   .            (no cloak)
rCorr   .            f - +0 pair of gloves
SInv    .            (no boots)
Will    .....        j - amulet of reflection
Stlth   +            l - ring of magical power
HPRegen 0.00/turn    (no ring)
MPRegen 0.16/turn

%: reflection
@: silenced, inhibited regen
A: claws 1, cold resistance 1, negative energy resistance 3, inhibited
regeneration, torment resistance 2, devour on kill
a: no special abilities


You were on level 3 of the Dungeon.
You visited 1 branch of the dungeon, and saw 4 of its levels.

You collected 112 gold pieces.

Inventory:

Hand Weapons
 s - a +2 dagger of electrocution
 x - a +0 dagger of pain
 y - a +0 whip of venom (weapon)
Missiles
 r - 4 javelins
Armour
 a - a +0 robe (worn)
 f - a +0 pair of gloves (worn)
Jewellery
 d - a ring of fire
 j - an amulet of reflection (around neck)
 l - a ring of magical power (left hand)
Scrolls
 n - a scroll of vulnerability {unknown}
 u - a scroll of identify {unknown}
 v - a scroll of amnesia {unknown}
 w - a scroll of poison {unknown}
Potions
 b - a potion of magic
 c - 2 potions of might {unknown}
 e - a potion of lignification {unknown}
 g - a potion of degeneration {unknown}
 h - a potion of enlightenment {unknown}
 k - 2 potions of invisibility {unknown}
 m - a potion of brilliance {unknown}
 p - a potion of haste {unknown}
 q - a potion of mutation {unknown}
 t - a potion of heal wounds {unknown}
 z - a potion of curing {unknown}


   Skills:
 - Level 1.7 Dodging
 - Level 2.1 Stealth
 + Level 3.4 Spellcasting
 + Level 5.4 Necromancy


You had 6 spell levels left.
You knew the following spells:

 Your Spells              Type           Power      Damage    Failure   Level
a - Necrotise             Necr           80%        1d8       1%          1
b - Vampiric Draining     Necr           20%        2d7       6%          3

Your spell library contained the following spells:

 Spells                   Type           Power      Damage    Failure   Level
 Cigotuvi's Dreadful Rot  Necr/Alch/Air  16%        N/A       13%         2
 Animate Dead             Necr           20%        N/A       19%         4
 Dispel Undead            Necr           20%        3d11      19%         4
 Curse of Agony           Necr           20%        N/A       47%         5
 Martyr's Knell           Necr/Summ      11%        N/A       52%         4
 Death Channel            Necr           10%        N/A       96%         6


Dungeon Overview and Level Annotations

Branches:
Dungeon (4/15)
 Temple: D:4-7

Altars:

Annotations:
D:2 Terence
D:3 Dowan, Duvessa


Innate Abilities, Weirdness & Mutations

You are immune to poison.
You have sharp fingernails.
Your flesh is cold resistant. (rC+)
You are immune to negative energy. (rN+++)
You do not regenerate when monsters are visible.
You are immune to unholy pain and torment.
You thrive by killing the living.


Message History

Aim: Duvessa, wielding a +2 short sword of venom and wearing a +0 leather armour (heavily wounded, chance to affect: 63%) Duvessa writhes in agony.
Duvessa yells, "You can run, but you cannot escape us forever!"
Duvessa closely misses you.
Dowan hits you with a +1 dagger of venom.
Aiming: Necrotise (safe; 1% risk of failure)
Press: ? - help, Q - select action, (/) - cycle Shift-Dir - straight line, f/p - Duvessa
Aim: Duvessa, wielding a +2 short sword of venom and wearing a +0 leather armour (severely wounded, chance to affect: 63%) Duvessa resists with significant effort.
Duvessa hits you with a +2 short sword of venom!
Dowan barely misses you.
Duvessa hits you with a +2 short sword of venom.
* * * LOW HITPOINT WARNING * * *
Dowan closely misses you.
You climb upwards.
There is a stone staircase leading down here.
As you read the scroll labelled ECZI FOETI, it crumbles to dust.
You feel aware of your surroundings.
It was a scroll of revelation.
Duvessa barely misses you.
Dowan hits you with a +1 dagger of venom.
* * * LOW HITPOINT WARNING * * *
Unknown command.
As you read the scroll labelled XICHAG JESELE, it crumbles to dust.
A profound silence engulfs you.
It was a scroll of silence.
You block Duvessa's attack.
Dowan hits you with a +1 dagger of venom.
* * * LOW HITPOINT WARNING * * *
Magic scrolls do not work when you're silenced!
Unknown command.
Okay, then.
Unknown command.
Hit: x) +0 dagger (pain)
Press: ? - help, Dir - move target, f - Dowan
Aim: Dowan, wielding a +1 dagger of venom and wearing a +0 robe (silenced, about 52% to evade your +0 dagger of pain)
Okay, then.
Unknown command.
Your +0 whip of venom begins to drip with poison!
y - a +0 whip of venom (weapon)
Duvessa hits you with a +2 short sword of venom.
You die...

########################
...............#########
##############.#########
#### #..........#### ...#
#..........#############
#..#
#####.......................
#..#
#..........##..#############
#..#
#..........@e............###
...#
#.........e......######.....
.[## #................##
#..... ..#
#................## #.....
..# #########.........####
#..... ..#
#...)................#
#.....
..###....................#
#.....
...............#.###.....#
#.....
#.###..........#.........#
#.....


You could see Duvessa and Dowan.

Vanquished Creatures
  2 orc wizards (D:4)
  5 adders
  2 dart slugs
  2 ribbon worms
  7 orcs
  3 ball pythons
  4 endoplasms
  2 giant cockroaches
  A hobgoblin (D:3)
  4 kobolds
  5 quokkas
  10 bats
  6 frilled lizards
  4 rats
57 creatures vanquished.

Vanquished Creatures (collateral kills)
  An orc (D:4)
  A goblin (D:1)
  2 bats
  A frilled lizard (D:1)
5 creatures vanquished.

Grand Total: 62 creatures vanquished

Notes
Turn   | Place    | Note
-------+----------+-------------------------------------------
     0 | D:1      | whatisthis the Ghoul Necromancer began the quest for the
                  | Orb.
     0 | D:1      | Reached XP level 1. HP: 14/14 MP: 3/3
   328 | D:1      | Reached XP level 2. HP: 20/20 MP: 3/5
   970 | D:2      | Reached XP level 3. HP: 11/26 MP: 6/6
  1475 | D:2      | Noticed Terence
  1801 | D:3      | Reached XP level 4. HP: 33/33 MP: 8/8
  2218 | D:3      | Reached skill level 5 in Necromancy
  2438 | D:4      | Noticed Dowan
  2616 | D:4      | Reached XP level 5. HP: 38/38 MP: 9/9
  2684 | D:4      | Noticed Duvessa
  2973 | D:4      | Learned a level 3 spell: Vampiric Draining
  3042 | D:3      | Slain by Duvessa

Illustrated notes

Levels and vault maps discovered:
D:1:      ebering_trefoil_3fold, layout_loops_ring, kennysheep_nondescript
D:2:      layout_loops_corners, serial_forest, infiniplex_forest_lined_room_3,
          infiniplex_forest_clump_long, infiniplex_forest_lined_room_3,
          infiniplex_forest_3_way, infiniplex_forest_lined_corner,
          infiniplex_forest_clump_tiny, infiniplex_forest_lined_corner,
          infiniplex_forest_clump_tiny, uniq_terence
D:3:      layout_basic
D:4:      layout_layer_cave, nicolae_elyvilon_temple_path, uniq_duvessa

Skill      XL: |  1  2  3  4 |
---------------+-------------+-----
Spellcasting   | 2 3 |  3.4
Necromancy     | 5 |  5.4
Dodging        | |  1.7
Stealth        | |  2.1

Action                     |  1- 3 |  4- 6 || total
---------------------------+-------+-------++-------
  Melee: Unarmed           |    31 |       ||    31
         Dagger            |    22 |    25 ||    47
         Punch             |     1 |       ||     1
  Throw: Dart              |     3 |       ||     3
   Cast: Necrotise         |    52 |    61 ||   113
    Use: Scroll            |     1 |     2 ||     3
   Stab: Sleeping          |     1 |     1 ||     2
 Armour: Robe              |    40 |    27 ||    67
  Dodge: Dodged            |    35 |    28 ||    63
  Block: Other             |    15 |    10 ||    25

Table legend: (Time is in decaauts)
 A = Elapsed time spent in this place.
 B = Non-inter-level travel time spent in this place.
 C = Inter-level travel time spent in this place.
 D = Time resting spent in this place.
 E = Time spent auto-exploring this place.
 F = Levels seen in this place.
 G = Mean time per level.
                   A        B        C        D        E       F      G
               +--------+--------+--------+--------+--------+-----+--------+
         Total |   3043 |   2833 |    210 |    426 |   1480 |   4 |  760.8 |
       Dungeon |   3043 |   2833 |    210 |    426 |   1480 |   4 |  760.8 |
               +--------+--------+--------+--------+--------+-----+--------+

Top non-repeatable levels by time:
     D:1: 954 daAuts
     D:3: 878 daAuts
     D:2: 758 daAuts
     D:4: 452 daAuts
